 Dungeon Crawl Stone Soup version 0.29.1-1-gd02db6906a (webtiles) character file.

Game seed: 14628813609728970174

32974 xian the Spear-Bearer (level 13, -5/114 HPs)
             Began as a Minotaur Fighter on Sept 21, 2022.
             Was a High Priest of Makhleb.
             Slain by a cane toad (14 damage)
             ... on level 5 of the Lair of Beasts.
             The game lasted 00:42:32 (18636 turns).

xian the Spear-Bearer (Minotaur Fighter)           Turns: 18636, Time: 00:42:32

Health: -5/114     AC: 15    Str: 31    XL:     13   Next: 34%
Magic:  18/18      EV: 13    Int:  5    God:    Makhleb [*****.]
Gold:   886        SH: 12    Dex: 11    Spells: 12/12 levels left

rFire   . . .      SeeInvis .   q - +3 spear (venom)
rCold   . . .      Faith    .   c - +0 buckler
rNeg    + . .      Spirit   .   u - +4 scale mail {rN+}
rPois   .          Reflect  +   K - +2 hat {Will+}
rElec   .          Harm     .   (no cloak)
rCorr   .          Rampage  .   (no gloves)
Will    ++...                   (no boots)
Stlth   +.........              y - amulet of reflection
HPRegen 0.29/turn               m - +6 ring of strength
MPRegen 0.16/turn               t - ring of willpower

@: no status effects
A: horns 2, retaliatory headbutt
a: Renounce Religion, Minor Destruction, Lesser Servant of Makhleb, Major
Destruction, Greater Servant of Makhleb


You were on level 5 of the Lair of Beasts.
You worshipped Makhleb.
Makhleb was extremely pleased with you.
You visited 2 branches of the dungeon, and saw 15 of its levels.

You collected 1029 gold pieces.
You spent 143 gold pieces at shops.

Inventory:

Hand Weapons
 q - a +3 spear of venom (weapon)
 v - a +5 falchion of protection
 w - a +1 shortbow of flaming
Missiles
 h - 2 javelins (quivered)
 L - 2 boomerangs
Armour
 b - a +0 scale mail
 c - a +0 buckler (worn)
 u - a +4 scale mail of positive energy (worn)
 K - a +2 hat of willpower (worn)
Jewellery
 m - a +6 ring of strength (left hand)
 o - a ring of protection from cold
 t - a ring of willpower (right hand)
 y - an amulet of reflection (around neck)
 H - a ring of poison resistance
 I - a ring of protection from fire
Wands
 F - a wand of digging (6)
 G - a wand of roots (23)
 J - a wand of charming (9)
 N - a wand of flame (5)
Scrolls
 a - 4 scrolls of enchant armour
 e - 3 scrolls of brand weapon
 f - 6 scrolls of teleportation
 k - 4 scrolls of fear
 p - a scroll of silence
 x - 2 scrolls of immolation
 B - 4 scrolls of magic mapping
 C - 2 scrolls of poison
 D - 2 scrolls of amnesia
 E - a scroll of identify
Potions
 d - a potion of might
 i - 3 potions of lignification {unknown}
 j - a potion of brilliance {unknown}
 l - 4 potions of mutation {unknown}
 n - 2 potions of flight {unknown}
 r - 3 potions of cancellation {unknown}
 s - 4 potions of curing
 z - a potion of ambrosia
 A - a potion of haste
 M - a potion of heal wounds


   Skills:
 + Level 10.7 Fighting
 + Level 0.5 Short Blades
 + Level 3.3(8.9) Axes
 + Level 12.7(12.9) Polearms
 + Level 6.3 Throwing
 + Level 11.4 Armour
 + Level 7.3 Dodging
 + Level 2.5 Stealth
 + Level 12.2 Shields
 * Level 8.9 Invocations


You had 12 spell levels left.
You didn't know any spells.
Your spell library contained the following spells:

 Spells                   Type           Power      Damage    Failure   Level
 Magic Dart               Conj           0%         1d3       73%         1
 Call Imp                 Summ           0%         N/A       86%         2
 Poisonous Vapours        Pois/Air       0%         N/A       86%         2
 Sublimation of Blood     Necr           0%         N/A       86%         2
 Call Canine Familiar     Summ           0%         N/A       97%         3
 Mephitic Cloud           Conj/Pois/Air  0%         N/A       97%         3
 Portal Projectile        Hex/Tloc       0%         N/A       97%         3
 Stone Arrow              Conj/Erth      0%         3d7       97%         3
 Animate Armour           Summ/Erth      0%         N/A       100%        4
 Corpse Rot               Necr/Pois/Air  0%         N/A       100%        4
 Dispel Undead            Necr           0%         3d6       100%        4
 Leda's Liquefaction      Hex/Erth       0%         N/A       100%        4
 Petrify                  Tmut/Erth      0%         N/A       100%        4
 Summon Ice Beast         Ice/Summ       0%         N/A       100%        4
 Alistair's Intoxication  Tmut/Pois      0%         N/A       100%        5
 Borgnjor's Vile Clutch   Necr/Erth      0%         N/A       100%        5
 Irradiate                Conj/Tmut      0%         3d11      100%        5
 Summon Mana Viper        Hex/Summ       0%         N/A       100%        5
 Death Channel            Necr           0%         N/A       100%        6
 Eringya's Noxious Bog    Tmut/Pois      0%         N/A       100%        6
 Monstrous Menagerie      Summ           0%         N/A       100%        7
 Lehudib's Crystal Spear  Conj/Erth      0%         10d2      100%        8


Dungeon Overview and Level Annotations

Branches:
Dungeon (11/15)            Temple (0/1) D:7            Lair (3/5) D:9
  Swamp (0/4) Lair:2        Snake (0/4) Lair:3        Slime (0/5) Lair:5
    Orc: D:9-12

Altars:
Cheibriados
Elyvilon
Fedhas
Hepliaklqana
Kikubaaqudgha
Makhleb
Qazlal
Ru
Sif Muna
Trog
Vehumet
Wu Jian
Yredelemnul
Zin
Jiyva

Shops:
D:1 :   D:4 !

Annotations:
D:3 3 runed translucent doors, RogueRain17's ghost, weakling DsGl
D:9 2 transporters, exclusion: obsidian statue
Lair:5 1 runed translucent door


Innate Abilities, Weirdness & Mutations

You have a pair of horns on your head.
You reflexively headbutt those who attack you in melee.


Message History

The cane toad misses you.
You block the elephant simulacrum's attack.
The elephant simulacrum barely misses you.
You closely miss the cane toad.
You feel sick.
Unknown command.
You hit the cane toad.
The cane toad is poisoned.
Your headbutt misses the cane toad.
The cane toad is lightly wounded.
The cane toad closely misses you. You furiously retaliate!
You headbutt the cane toad! You hit the cane toad.
The cane toad is heavily wounded.
You feel sick.
You block the elephant simulacrum's attack.
The elephant simulacrum trunk-slaps you.
The elephant simulacrum freezes you! The cane toad stings you!
* * * LOW HITPOINT WARNING * * *
You are more poisoned.
The cane toad poisons you!
You hit the cane toad but do no damage.
The cane toad looks as sick as possible!
The cane toad is heavily wounded.
You feel sick.
You feel better. The cane toad stings you!
* * * LOW HITPOINT WARNING * * *
The elephant simulacrum tramples you but does no damage.
You block the elephant simulacrum's attack.
You puncture the elephant simulacrum!
The elephant simulacrum is heavily damaged.
The cane toad closely misses you. You furiously retaliate!
You headbutt the cane toad.
You hit the elephant simulacrum but do no damage.
You headbutt the elephant simulacrum.
The elephant simulacrum is severely damaged.
The elephant simulacrum tramples you!
* * * LOW HITPOINT WARNING * * *
You hold your ground!
The elephant simulacrum trunk-slaps you but does no damage.
The cane toad stings you!
You die...

##...........##.#...........
#P..♣#####♣♣..†...P♣########
#############♣...P###....†..
#8.....##♣♣###...#####8
#}F....# ####.### ##
#8.YP..####....# #
#(#....#### 8 #F#.#### +.
#@Z.# +. #8..# #8 ##''#
..... ......# .....P##
..#.#### #####


You could see a cane toad (extremely poisoned) and an elephant simulacrum.

Vanquished Creatures
  Gastronok (Lair:3)
  The ghost of karrick the Basher, a journeyman GrFi of Okawaru (Lair:1)
  2 hydras (Lair:5)
  2 two-headed ogres (D:11)
  6 death yaks
  A tengu warrior (D:11)
  Amaemon (Lair:3)
  A lindwurm (Lair:2)
  A necromancer (Lair:5)
  2 wolf spiders (Lair:1)
  3 black mambas
  5 elephants
  2 cane toads
  3 rime drakes
  An orange demon (Lair:3)
  A tengu conjurer (D:11)
  An unseen horror (D:11)
  7 komodo dragons
  3 trolls (D:11)
  4 dream sheep (Lair:5)
  36 yaks
  A shadow (D:9)
  3 wyverns
  Eustachio (D:5)
  A fire elemental (Lair:5)
  2 basilisks
  Menkaure (D:5)
  2 acid dragons
  2 nagas (Lair:3)
  An orc warrior (D:11)
  8 water moccasins
  A swamp drake (Lair:2)
  2 ice beasts
  A sky beast (D:8)
  A black bear (D:6)
  3 ogres
  12 centaurs
  A phantom (D:5)
  17 wolves
  A kobold brigand (D:8)
  8 bullfrogs
  2 gnoll sergeants
  A necrophage (D:4)
  2 scorpions
  41 killer bees
  2 electric eels
  6 howler monkeys
  11 jellies
  3 hounds
  An orc priest (D:8)
  7 iguanas
  Terence (D:3)
  6 orc wizards
  A hell rat (D:9)
  A statue (D:4)
  Robin (D:2)
  2 river rats (D:9)
  6 adders
  7 gnolls
  A shadow imp (D:6)
  2 white imps
  3 ufetubi
  3 worms
  2 dart slugs
  28 orcs
  3 bats
  6 endoplasms
  2 giant cockroaches
  11 goblins
  10 hobgoblins
  2 jackals (D:2)
  9 kobolds
  5 quokkas
  5 ball pythons
  3 frilled lizards (D:1)
  12 rats
361 creatures vanquished.

Vanquished Creatures (others)
  A fire vortex (Lair:5)
  12 fungi
  27 plants
  18 withered plants (Lair:5)
58 creatures vanquished.

Grand Total: 419 creatures vanquished

Notes
Turn   | Place    | Note
-------+----------+-------------------------------------------
     0 | D:1      | xian the Minotaur Fighter began the quest for the Orb.
     0 | D:1      | Reached XP level 1. HP: 19/19 MP: 0/0
   183 | D:1      | Reached XP level 2. HP: 27/27 MP: 1/1
   348 | D:1      | Found a faded altar of an unknown god.
   693 | D:1      | Found Xuligob's Book Boutique.
   778 | D:1      | Reached XP level 3. HP: 33/33 MP: 2/2
  1327 | D:2      | Found a burning altar of Makhleb.
  1336 | D:2      | Became a worshipper of Makhleb the Destroyer
  1691 | D:2      | Noticed Robin
  1709 | D:2      | Killed Robin
  1710 | D:2      | Reached XP level 4. HP: 37/41 MP: 3/3
  2034 | D:3      | Reached skill level 1 in Polearms
  2120 | D:3      | Identified the +3 ring mail of the Farrier {rC+ Str+3 Int+4
                  | Stlth+}
  2121 | D:3      | Noticed RogueRain17's ghost (weakling DsGl)
  2123 | D:3      | Found a runed translucent gate.
  2123 | D:3      | Found a runed translucent gate.
  2123 | D:3      | Found a runed translucent gate.
  2215 | D:3      | Found a snail-covered altar of Cheibriados.
  2550 | D:3      | Found a basalt altar of Yredelemnul.
  2675 | D:3      | Noticed Terence
  2680 | D:3      | Killed Terence
  2681 | D:3      | Reached skill level 1 in Dodging
  2681 | D:3      | Reached XP level 5. HP: 41/47 MP: 4/4
  3027 | D:4      | Reached * piety under Makhleb
  3028 | D:4      | Reached skill level 5 in Armour
  3042 | D:4      | Reached skill level 5 in Fighting
  3119 | D:4      | Noticed an ogre
  3127 | D:4      | Killed an ogre
  3128 | D:4      | Reached XP level 6. HP: 33/56 MP: 5/5
  3334 | D:4      | Found Ogaeluq's Distillery.
  3343 | D:4      | Bought a potion of heal wounds for 55 gold pieces
  3343 | D:4      | Bought a potion of curing for 33 gold pieces
  3343 | D:4      | Bought a potion of berserk rage for 55 gold pieces
  3607 | D:4      | Found a radiant altar of Vehumet.
  4183 | D:5      | Entered Level 5 of the Dungeon
  4191 | D:5      | Reached XP level 7. HP: 55/61 MP: 6/6
  4367 | D:5      | Noticed Eustachio
  4379 | D:5      | Reached skill level 1 in Throwing
  4395 | D:5      | Killed Eustachio
  4396 | D:5      | Reached skill level 5 in Shields
  4983 | D:5      | Reached skill level 5 in Polearms
  4983 | D:5      | Reached skill level 1 in Stealth
  5004 | D:5      | Noticed Menkaure
  5009 | D:5      | Killed Menkaure
  5010 | D:5      | Reached XP level 8. HP: 41/70 MP: 7/7
  5350 | D:6      | Found a stormy altar of Qazlal.
  5353 | D:6      | Noticed an air elemental
  5834 | D:6      | Found a white marble altar of Elyvilon.
  5848 | D:6      | Found a hazy altar of Hepliaklqana.
  6613 | D:7      | Reached ** piety under Makhleb
  6623 | D:7      | Found a glowing silver altar of Zin.
  6716 | D:7      | Found an ornate altar of the Wu Jian Council.
  6813 | D:7      | Reached XP level 9. HP: 78/78 MP: 8/8
  6842 | D:7      | Found a staircase to the Ecumenical Temple.
  6854 | D:7      | Reached skill level 1 in Invocations
  7228 | D:7      | Found a sacrificial altar of Ru.
  7371 | D:8      | Found a shimmering blue altar of Sif Muna.
  8149 | D:8      | You fall into a shaft and drop 3 floors!
  8164 | D:11     | Reached *** piety under Makhleb
  8448 | D:11     | Noticed a tengu warrior
  8455 | D:11     | Noticed a tengu conjurer
  8482 | D:11     | Killed a tengu warrior
  8483 | D:11     | Reached XP level 10. HP: 30/86 MP: 11/11
  9629 | D:11     | Noticed a two-headed ogre
  9657 | D:11     | Killed a two-headed ogre
  9658 | D:11     | Reached skill level 5 in Dodging
 10216 | D:11     | Reached skill level 5 in Invocations
 10438 | D:11     | Noticed an elephant
 10444 | D:11     | Reached **** piety under Makhleb
 10451 | D:11     | Killed an elephant
 10460 | D:11     | Reached XP level 11. HP: 77/94 MP: 13/13
 10584 | D:10     | Entered Level 10 of the Dungeon
 10596 | D:10     | Noticed a two-headed ogre
 10628 | D:11     | Killed a two-headed ogre
 10700 | D:9      | Found a bloodstained altar of Trog.
 11066 | D:9      | Noticed a death knight
 11074 | D:9      | Noticed a centaur warrior
 11076 | D:9      | Found a transporter.
 11076 | D:9      | Noticed an obsidian statue
 11080 | D:9      | Found a transporter.
 11122 | D:9      | Found a blossoming altar of Fedhas.
 11155 | D:9      | Noticed a death yak
 11157 | D:9      | Noticed a death yak
 11158 | D:9      | Found a staircase to the Lair.
 11158 | D:9      | Noticed a death yak
 11185 | D:9      | Killed a death yak
 11186 | D:9      | Reached skill level 10 in Armour
 11186 | D:9      | Reached skill level 10 in Shields
 11194 | D:9      | Killed a death yak
 11195 | D:9      | Reached skill level 10 in Polearms
 11211 | D:9      | Killed a death yak
 11741 | D:9      | Found an ancient bone altar of Kikubaaqudgha.
 11812 | D:9      | Found a viscous altar of Jiyva.
 12292 | Lair:1   | Entered Level 1 of the Lair of Beasts
 12828 | Lair:1   | Noticed a wolf spider
 12829 | Lair:1   | Noticed a wolf spider
 12845 | Lair:1   | Killed a wolf spider
 12856 | Lair:1   | Killed a wolf spider
 13267 | Lair:1   | Reached ***** piety under Makhleb
 13296 | Lair:1   | Reached XP level 12. HP: 81/105 MP: 16/16
 13458 | Lair:1   | Found a large runed translucent door.
 13458 | Lair:1   | Found a large runed translucent door.
 13462 | Lair:1   | Noticed karrick's ghost (journeyman GrFi)
 14447 | Lair:1   | Killed karrick's ghost
 15062 | Lair:2   | Found a staircase to the Swamp.
 15392 | Lair:2   | Reached skill level 10 in Fighting
 16185 | Lair:3   | Noticed Amaemon
 16203 | Lair:3   | Killed Amaemon
 16328 | Lair:3   | Reached skill level 5 in Throwing
 16342 | Lair:3   | Noticed Gastronok
 16363 | Lair:3   | Killed Gastronok
 16970 | Lair:3   | Found a staircase to the Snake Pit.
 17123 | Lair:3   | You fall into a shaft and drop 2 floors!
 17123 | Lair:5   | Entered Level 5 of the Lair of Beasts
 17303 | Lair:5   | Noticed a five-headed hydra
 17314 | Lair:5   | Killed a five-headed hydra
 17337 | Lair:5   | Found a runed translucent door.
 17337 | Lair:5   | Identified the +6 trident "Gaxohaotyg" {venom, rC+ Int+5}
 17350 | Lair:5   | Reached XP level 13. HP: 83/114 MP: 18/18
 17525 | Lair:5   | Found a staircase to the Slime Pits.
 17525 | Lair:5   | Found a viscous altar of Jiyva.
 17718 | Lair:5   | HP: 2/114 [death yak (13)]
 18350 | Lair:5   | Noticed a dire elephant
 18350 | Lair:5   | Noticed a dire elephant
 18350 | Lair:5   | Noticed a dire elephant
 18351 | Lair:5   | Noticed a dire elephant
 18354 | Lair:5   | Noticed a dire elephant
 18636 | Lair:5   | Slain by a cane toad

Illustrated notes

Levels and vault maps discovered:
D:1:      scummos_arrival_simple_crosswalls, layout_loops_ring,
          chequers_ecumenical_altar_simple, serial_shops, shop
D:2:      layout_basic, serial_glass, glass_columns_c, glass_columns_a,
          basic_altar, uniq_robin
D:3:      layout_basic, mainiacjoe_overflow_small_starburst, marbit_many_paths,
          biasface_ghost_orc_armoury, uniq_terence
D:4:      layout_basic, vehumet_statue, serial_shops,
          nicolae_shop_hallway_stairs, corexii_item_surrounded_by_moat,
          kennysheep_small_circle
D:5:      layout_loops_corners, uniq_eustachio, uniq_menkaure
D:6:      layout_gridville, nicolae_qazlal_style_of_elements,
          nicolae_overflow_squiral, grunt_decor_clamped, st_stairs_13
D:7:      layout_loops_ring, mainiacjoe_overflow_24_doors,
          nicolae_ru_the_path_less_chosen, overflow_temple_1_default,
          minmay_temple_entry_junction
D:8:      layout_basic, demons_altar, nicolae_sif_muna_condensation,
          serial_rivers, chequers_serial_rivers_micro_c,
          chequers_serial_rivers_small_3, chequers_serial_rivers_micro_b,
          chequers_serial_rivers_small_a, chequers_serial_rivers_micro_e,
          grunt_decor_arrowhead
D:9:      gammafunk_sealed_arena, layout_basic,
          mainiacjoe_overflow_tiny_flanked, fedhas_altar_2,
          mainiacjoe_overflow_alcove_1, dpeg_lair_monsters, jiyva_altar_1
D:10:     layout_cave_pools, nicolae_tso_carved_into_rock, orc_0_dummy,
          uniq_maggie
D:11:     wad_woods_minihive, layout_basic
Lair:1:   layout_chaotic_city, ebering_ghost_disaster_area,
          nicolae_lair_run_with_the_wolves, grunt_megastairs_2
Lair:2:   layout_cave_pods, minmay_swamp_entry_reptiles,
          amcnicky_mini_pool_medium, grunt_megastairs_4,
          infiniplex_staircase_pool, serial_bayou_shore_a
Lair:3:   cheibrodos_lair_river_kwai, layout_regular_city,
          guppyfry_snake_entry_garden, uniq_amaemon, uniq_gastronok
Lair:5:   due_jungle_book, layout_gridlike, slime_entry_1,
          ebering_ghost_funeral_grove

Skill      XL: |  1  2  3  4  5  6  7  8  9 10 11 12 13 |
---------------+----------------------------------------+-----
Shields        | 4 5 6 8 9 10 11 12 | 12.2
Armour         | 4 5 6 7 8 9 10 11 | 11.4
Fighting       | 4 5 6 7 8 9 10 | 10.7
Axes           | 3 |  3.3
Polearms       | 1 2 3 5 6 8 9 10 12 | 12.7
Dodging        | 1 2 3 4 5 6 7 |  7.3
Throwing       | 1 2 3 4 5 6 |  6.3
Stealth        | 1 2 |  2.5
Invocations    | 3 5 6 8 |  8.9
Short Blades   | |  0.5

Action                   |  1- 3 |  4- 6 |  7- 9 | 10-12 | 13-15 || total
-------------------------+-------+-------+-------+-------+-------++-------
Melee: War axe           |    30 |       |       |       |       ||    30
       Headbutt          |    10 |    16 |    38 |   181 |    46 ||   291
       Dagger            |    25 |       |       |       |       ||    25
       Spear             |    36 |   111 |   313 |   842 |   134 ||  1436
Throw: Dart              |     1 |     8 |    23 |    72 |    14 ||   118
       Javelin           |       |       |       |     7 |     1 ||     8
       Boomerang         |       |       |       |     2 |       ||     2
Evoke: Wand              |       |       |       |     1 |       ||     1
  Use: Scroll            |     4 |       |    11 |     4 |     2 ||    21
       Potion            |       |       |     1 |     5 |     1 ||     7
Armor: Scale mail        |    39 |    38 |   112 |   217 |    39 ||   445
Dodge: Dodged            |    29 |    27 |   107 |   272 |    55 ||   490
Block: Buckler           |    20 |    21 |   163 |   371 |    64 ||   639
       Reflection        |       |       |     3 |     5 |       ||     8
